 Dungeon Crawl Stone Soup version 0.27.1-2-g3b301248ec (webtiles) character file.

Game seed: 13356869604474027304

67 Descartes the Sneak (level 3, 0/19 HPs)
             Began as a Felid Wanderer on Oct 2, 2021.
             Killed from afar by Natasha (5 damage)
             ... with a magic dart
             ... on level 2 of the Dungeon.
             The game lasted 00:02:49 (2746 turns).

Descartes the Sneak (Felid Wanderer)                Turns: 2746, Time: 00:02:49

Health: 0/19       AC:  1    Str: 10    XL:     3   Next: 98%
Magic:  4/4        EV: 17    Int: 11    God:
Gold:   58         SH:  0    Dex: 16    Spells: 2/2 levels left
                                        Lives:  0   Deaths: 0

rFire    . . .     SeeInvis +     - Unarmed
rCold    . . .     Faith    .   (shield unavailable)
rNeg     . . .     Spirit   .   (armour unavailable)
rPois    +         Reflect  .   (helmet unavailable)
rElec    .         Harm     .   (cloak unavailable)
rCorr    .         Rampage  .   (gloves unavailable)
Will     .....                  (boots unavailable)
Stlth    +++.......             (no amulet)
HPRegen  0.06/turn              h - ring of poison resistance
MPRegen  0.09/turn              (no ring)

@: quick
A: very small, claws 1, fangs 3, see invisible, speed 1, shaggy fur 1, stealthy
paws, no weapons or thrown items, no armour, multi-lived
a: no special abilities


You were on level 2 of the Dungeon.
You visited 1 branch of the dungeon, and saw 2 of its levels.

You collected 58 gold pieces.

Inventory:

Jewellery
 h - a ring of poison resistance (left paw)
Scrolls
 b - 2 scrolls of fear
 c - 2 scrolls of teleportation
 e - a scroll of vulnerability {unknown}
 f - a scroll of acquirement {unknown}
 g - 5 scrolls of identify {unknown}
 k - a scroll of enchant armour {unknown}
Potions
 a - a potion of berserk rage
 d - 4 potions of curing
 i - 2 potions of might
 j - a potion of invisibility {unknown}


   Skills:
 - Level 5.0 Fighting
 + Level 2.1 Dodging
 + Level 6.0 Stealth
 + Level 2.0 Unarmed Combat
 + Level 1.3 Poison Magic


You had 2 spell levels left.
You didn't know any spells.
Your spell library contained the following spells:

 Spells                   Type           Power      Damage    Failure   Level
 Olgreb's Toxic Radiance  Pois           2%         N/A       90%         4
 Ozocubu's Refrigeration  Ice            0%         4d5       100%        7
 Ignition                 Fire           0%         3d3       100%        8


Dungeon Overview and Level Annotations

Branches:
Dungeon (2/15)

Altars:

Annotations:
D:2 Natasha, Terence


Innate Abilities, Weirdness & Mutations

You have sharp claws.
You have razor-sharp teeth.
You have supernaturally acute eyesight. (SInv)
You cover ground quickly. (Speed+)
You are covered in fur. (AC +1)
Your paws help you pounce on unaware monsters.
You are incapable of wielding weapons or throwing items.
You cannot wear armour.
You gain extra lives every three experience levels.


Message History

You pounce on the unaware helpless hobgoblin!
You mangle the hobgoblin!!
You kill the hobgoblin!
No target in view!
No target in view!
No target in view!
Found a scroll labelled HOMASUMNAU.
g - 5 scrolls labelled HOMASUMNAU (gained 1)
There is an open door here.
Natasha, Servant of Life and Death comes into view.
Natasha hisses angrily.
You scratch Natasha.
Natasha is lightly wounded.
Natasha stares at you and mumbles some strange words.
The magic dart hits you.
You scratch Natasha.
Natasha is heavily wounded.
Natasha closely misses you.
You closely miss Natasha.
Natasha is heavily wounded.
Natasha claws you!
* * * LOW HITPOINT WARNING * * *
You are too injured to fight recklessly!
You are too injured to fight recklessly!
You are too injured to fight recklessly!
You are too injured to fight recklessly!
You are too injured to fight recklessly!
You are too injured to fight recklessly!
You are too injured to fight recklessly!
You are too injured to fight recklessly!
You are too injured to fight recklessly!
You are too injured to fight recklessly!
You are too injured to fight recklessly!
You are too injured to fight recklessly!
You are too injured to fight recklessly!
You barely miss Natasha.
Natasha is heavily wounded.
Natasha casts a spell at you. The magic dart hits you.
You die...

##..#.##...........#
#..#.##...........#
#..#.##############
##.#.#
#####>#.##########
......[..........#
#####....#######.#
#####....#<....#.#
#........#####.#@#
#.####.........#h#
#.#....#.#...###.#
#.#......#...# #'#
#'#####......# ...
......+......# ...
...####....### ...
...# #....# .....
...# #....#


You could see Natasha.

Vanquished Creatures
  Natasha (D:2)
  2 worms (D:2)
  2 dart slugs (D:1)
  3 ball pythons (D:1)
  3 endoplasms
  3 giant cockroaches
  4 goblins
  2 hobgoblins
  4 kobolds
  3 quokkas
  2 bats (D:1)
  4 rats
33 creatures vanquished.

Notes
Turn   | Place    | Note
-------+----------+-------------------------------------------
     0 | D:1      | Descartes the Felid Wanderer began the quest for the Orb.
     0 | D:1      | Descartes set off with the following items: a potion of
                  | berserk rage, a scroll of fear, a scroll of teleportation,
                  | a potion of curing
     0 | D:1      | Reached XP level 1. HP: 12/12 MP: 2/2
   534 | D:1      | Reached skill level 1 in Dodging
   534 | D:1      | Reached XP level 2. HP: 16/16 MP: 3/3
  1673 | D:1      | Reached XP level 3. HP: 19/19 MP: 4/4
  1786 | D:2      | Reached skill level 1 in Poison Magic
  1787 | D:2      | Found a faded altar of an unknown god.
  2234 | D:2      | Noticed Natasha
  2243 | D:2      | Killed Natasha
  2244 | D:2      | Reached skill level 6 in Stealth
  2429 | D:2      | Noticed Terence
  2739 | D:2      | Noticed Natasha
  2746 | D:2      | Killed from afar by Natasha

Illustrated notes

Levels and vault maps discovered:
D:1:      heliophobic_arrival_ceremonial_halls, layout_loops_corners,
          hangedman_decor_peaks_small, minmay_tetromino_i2
D:2:      layout_basic, basic_ecumenical_altar, uniq_natasha, uniq_terence

Skill      XL: |  1  2  3 |
---------------+----------+-----
Dodging        | 1 2 |  2.1
Poison Magic   | 1 |  1.3
Stealth        | 6 |  6.0
Unarmed Combat | 2 |  2.0
Fighting       | |  5.0

Action                   || total
-------------------------++-------
Melee: Unarmed           ||   125
       Bite              ||    16
       Punch             ||     1
 Stab: Sleeping          ||    11
Armor: Skin              ||     7
Dodge: Dodged            ||    76
